MWL (24 & UNDER)
CINCINNATI PRIDE @ BEMIDJI BENDERS
08/21/2023
 
TOP OF THE 1ST
Cincinnati Pride batting - Pitching for Bemidji Benders : RHP Don Wiggins
Pitching: RHP Don Wiggins
Batting: RHB Roberto Chávez 0-0: Swinging Strike
0-1: Foul Ball, location: 2F
0-2: Strikes out swinging
Batting: RHB Leonardo Pinto 0-0: Foul Ball, location: 2F
0-1: Foul Ball, location: 2F
0-2: Strikes out swinging
Batting: SHB Nick Marshall 0-0: Swinging Strike
0-1: Ball
1-1: Swinging Strike
1-2: Ground out 4-3 (Groundball, 4M)
Top of the 1st over - 0 run(s), 0 hit(s), 0 error(s), 0 left on base; Cincinnati 0 - Bemidji 0
BOTTOM OF THE 1ST
Bemidji Benders batting - Pitching for Cincinnati Pride : LHP Ben Couch
Pitching: LHP Ben Couch
Batting: RHB António López 0-0: Swinging Strike
0-1: SINGLE (Line Drive, 9LS)
Batting: RHB Roberto Solís 0-0: Foul Ball, location: 2F
0-1: Ball
1-1: Foul Ball, location: 2F
1-2: Foul Ball, location: 2F
1-2: Fly out, F8 (Line Drive, 8RD)
Runner from 1st tags up, SAFE at 2nd
Batting: SHB Edgardo Osorio 0-0: Ball
1-0: Called Strike
1-1: Called Strike
1-2: Foul Ball, location: 2F
1-2: Ball
2-2: Strikes out swinging
Batting: RHB Alfredo López 0-0: Foul Ball, location: 2F
0-1: Swinging Strike
0-2: Ground out 3-1 (Groundball, 3L)
Bottom of the 1st over - 0 run(s), 1 hit(s), 0 error(s), 1 left on base; Cincinnati 0 - Bemidji 0
TOP OF THE 2ND
Cincinnati Pride batting - Pitching for Bemidji Benders : RHP Don Wiggins
Batting: LHB Ricardo Brandariz 0-0: Fly out, F6 (Popup, 7LS)
Batting: RHB Jonas Uttley 0-0: Ball
1-0: Ball
2-0: Ball
3-0: Called Strike
3-1: Called Strike
3-2: Foul Ball, location: 2F
3-2: Base on Balls
Batting: RHB Wilson Flores 0-0: Ball
1-0: Called Strike
1-1: Foul Ball, location: 2F
1-2: Strikes out swinging
Batting: RHB Pablo Gómez 0-0: Swinging Strike
0-1: Ball
1-1: Foul Ball, location: 2F
1-2: Ball
2-2: Strikes out swinging
Top of the 2nd over - 0 run(s), 0 hit(s), 0 error(s), 1 left on base; Cincinnati 0 - Bemidji 0
BOTTOM OF THE 2ND
Bemidji Benders batting - Pitching for Cincinnati Pride : LHP Ben Couch
Batting: RHB Ángel Garza 0-0: Swinging Strike
0-1: Foul Ball, location: 2F
0-2: Reached on error, E5 (Groundball, 56)
Batting: RHB George Cox 0-0: Ball
1-0: Ball
2-0: SINGLE (Groundball, 56D)
Ángel Garza to second
Batting: RHB Gabriel Stout 0-0: Called Strike
0-1: Ball
1-1: Ball
2-1: Ball
3-1: Base on Balls
Ángel Garza to third
George Cox to second
Batting: SHB José Cruz 0-0: Foul Ball, location: 2F
Reached via error on a dropped throw, E4
Ángel Garza scores
George Cox to third
Gabriel Stout to second
Batting: RHB Manny Ramírez 0-0: Swinging Strike
0-1: Swinging Strike
0-2: Strikes out swinging
Batting: RHB António López 0-0: Called Strike
0-1: Grounds into double play, 4-6-3 (Groundball, 4)
Bottom of the 2nd over - 1 run(s), 1 hit(s), 2 error(s), 2 left on base; Cincinnati 0 - Bemidji 1
TOP OF THE 3RD
Cincinnati Pride batting - Pitching for Bemidji Benders : RHP Don Wiggins
Batting: RHB Larry Booth 0-0: Ball
1-0: Called Strike
1-1: Reached on error, E3 (Groundball, 3S)
Batting: RHB Norris Howard 0-0: Called Strike
0-1: Swinging Strike
0-2: Ball
1-2: SINGLE (Line Drive, 34D)
Larry Booth to second
Batting: RHB Roberto Chávez 0-0: Ball
1-0: Called Strike
1-1: DOUBLE (Groundball, 5L)
Larry Booth scores
Norris Howard to third
Batting: RHB Leonardo Pinto 0-0: Foul Ball, location: 2F
0-1: Swinging Strike
0-2: Ball
1-2: Foul Ball, location: 2F
1-2: SINGLE (Line Drive, 89S)
Norris Howard scores
Roberto Chávez to third
Batting: SHB Nick Marshall 0-0: Swinging Strike
0-1: Ball
1-1: Ball
Leonardo Pinto is caught stealing 2nd base
2-1: Ball
3-1: Fly out, F6 (Popup, 6D)
Batting: LHB Ricardo Brandariz 0-0: Ball
1-0: Ball
2-0: Ball
3-0: Called Strike
3-1: Called Strike
3-2: Base on Balls
Batting: RHB Jonas Uttley 0-0: Called Strike
0-1: Fly out, F8 (Flyball, 8LM)
Top of the 3rd over - 2 run(s), 3 hit(s), 1 error(s), 2 left on base; Cincinnati 2 - Bemidji 1
BOTTOM OF THE 3RD
Bemidji Benders batting - Pitching for Cincinnati Pride : LHP Ben Couch
Batting: RHB Roberto Solís 0-0: Ball
1-0: Ball
2-0: Called Strike
2-1: Ball
3-1: Base on Balls
Batting: SHB Edgardo Osorio 0-0: Ball
1-0: Ball
2-0: Fielders Choice at 2nd, 1-4 (Groundball, 15S)
Batting: RHB Alfredo López 0-0: Ball
1-0: SINGLE (Line Drive, 56D)
Edgardo Osorio to second
Batting: RHB Ángel Garza 0-0: Foul Ball, location: 2F
0-1: Ball
1-1: Ball
2-1: Grounds into double play, 4-6-3 (Groundball, 4)
Bottom of the 3rd over - 0 run(s), 1 hit(s), 0 error(s), 1 left on base; Cincinnati 2 - Bemidji 1
TOP OF THE 4TH
Cincinnati Pride batting - Pitching for Bemidji Benders : RHP Don Wiggins
Batting: RHB Wilson Flores 0-0: Ball
1-0: Called Strike
1-1: Ball
2-1: Foul Ball, location: 2F
2-2: Strikes out swinging
Batting: RHB Pablo Gómez 0-0: Foul Ball, location: 2F
0-1: Ball
1-1: Called Strike
1-2: Ball
2-2: Ball
3-2: Strikes out swinging
Batting: RHB Larry Booth 0-0: Ball
1-0: Ball
2-0: Swinging Strike
2-1: Swinging Strike
2-2: Strikes out swinging
Top of the 4th over - 0 run(s), 0 hit(s), 0 error(s), 0 left on base; Cincinnati 2 - Bemidji 1
BOTTOM OF THE 4TH
Bemidji Benders batting - Pitching for Cincinnati Pride : LHP Ben Couch
Batting: RHB George Cox 0-0: Ball
1-0: Ground out U3 (Groundball, 3)
Batting: RHB Gabriel Stout 0-0: Ball
1-0: Swinging Strike
1-1: Fly out, F8 (Flyball, 8LS)
Batting: SHB José Cruz 0-0: Hit by Pitch
Batting: RHB Manny Ramírez 0-0: Called Strike
0-1: Fly out, F8 (Flyball, 8LM)
Bottom of the 4th over - 0 run(s), 0 hit(s), 0 error(s), 1 left on base; Cincinnati 2 - Bemidji 1
TOP OF THE 5TH
Cincinnati Pride batting - Pitching for Bemidji Benders : RHP Don Wiggins
Batting: RHB Norris Howard 0-0: Foul Ball, location: 2F
0-1: Ball
1-1: Ground out 4-3 (Groundball, 4)
Batting: RHB Roberto Chávez 0-0: Foul Ball, location: 2F
0-1: Ground out 2-3 (Groundball, 25)
Batting: RHB Leonardo Pinto 0-0: DOUBLE (Groundball, 5L)
Batting: SHB Nick Marshall 0-0: Foul Ball, location: 2F
0-1: Ball
1-1: Swinging Strike
1-2: Ball
2-2: Foul Ball, location: 2F
2-2: Foul Ball, location: 2F
2-2: Ball
3-2: Base on Balls
Pitching: RHP Mark Anderson
Batting: LHB Ricardo Brandariz 0-0: Foul Ball, location: 2F
0-1: Swinging Strike
0-2: Ball
1-2: Strikes out swinging
Top of the 5th over - 0 run(s), 1 hit(s), 0 error(s), 2 left on base; Cincinnati 2 - Bemidji 1
BOTTOM OF THE 5TH
Bemidji Benders batting - Pitching for Cincinnati Pride : LHP Ben Couch
Batting: RHB António López 0-0: Called Strike
0-1: Foul Ball, location: 2F
0-2: Ball
1-2: Foul Ball, location: 2F
1-2: Hit by Pitch
Batting: RHB Roberto Solís 0-0: Ball
1-0: Foul Ball, location: 2F
1-1: Ball
2-1: Swinging Strike
2-2: Strikes out swinging
Batting: SHB Edgardo Osorio 0-0: Called Strike
0-1: Called Strike
0-2: Strikes out swinging
Batting: RHB Alfredo López 0-0: Ball
1-0: Called Strike
António López steals 2nd base
1-1: Swinging Strike
1-2: 2-RUN HOME RUN (Flyball, 78XD), Distance : 373 ft
Batting: RHB Ángel Garza 0-0: Called Strike
0-1: Foul Ball, location: 2F
0-2: Strikes out looking
Bottom of the 5th over - 2 run(s), 1 hit(s), 0 error(s), 0 left on base; Cincinnati 2 - Bemidji 3
TOP OF THE 6TH
Cincinnati Pride batting - Pitching for Bemidji Benders : RHP Mark Anderson
Batting: RHB Jonas Uttley 0-0: DOUBLE (Line Drive, 5D)
Batting: RHB Wilson Flores 0-0: Ball
1-0: Ball
2-0: Ball
3-0: Base on Balls
Batting: RHB Pablo Gómez 0-0: Called Strike
0-1: Swinging Strike
0-2: Strikes out swinging
Batting: RHB Larry Booth 0-0: Ball
1-0: Ball
2-0: Called Strike
2-1: Ball
3-1: Called Strike
3-2: Strikes out looking
Batting: RHB Norris Howard 0-0: Called Strike
0-1: Foul Ball, location: 2F
0-2: Foul Ball, location: 2F
0-2: Ball
1-2: 3-RUN HOME RUN (Flyball, 7D), Distance : 340 ft
Batting: RHB Roberto Chávez 0-0: Called Strike
0-1: Ball
1-1: Foul Ball, location: 2F
1-2: Ball
2-2: Foul Ball, location: 2F
2-2: Foul Ball, location: 2F
2-2: Ball
3-2: DOUBLE (Line Drive, 78XD)
Pitching: LHP Jesse Payne
Batting: RHB Leonardo Pinto 0-0: Called Strike
0-1: Ground out 4-3 (Groundball, 34)
Top of the 6th over - 3 run(s), 3 hit(s), 0 error(s), 1 left on base; Cincinnati 5 - Bemidji 3
BOTTOM OF THE 6TH
Bemidji Benders batting - Pitching for Cincinnati Pride : LHP Ben Couch
Batting: RHB George Cox 0-0: Called Strike
0-1: Ground out 4-3 (Groundball, 4)
Batting: RHB Gabriel Stout 0-0: SINGLE (Line Drive, 78M)
Batting: SHB José Cruz 0-0: Called Strike
0-1: Foul Ball, location: 2F
0-2: Foul Ball, location: 2F
0-2: Ball
1-2: Fly out, F8 (Flyball, 89S)
Batting: RHB Manny Ramírez 0-0: Called Strike
0-1: Ball
1-1: Ball
2-1: Fly out, F4 (Popup, 4D)
Bottom of the 6th over - 0 run(s), 1 hit(s), 0 error(s), 1 left on base; Cincinnati 5 - Bemidji 3
TOP OF THE 7TH
Cincinnati Pride batting - Pitching for Bemidji Benders : LHP Jesse Payne
Batting: SHB Nick Marshall 0-0: Ball
1-0: Foul Ball, location: 2F
1-1: Swinging Strike
1-2: Strikes out swinging
Batting: LHB Ricardo Brandariz 0-0: Foul Ball, location: 2F
0-1: Ball
1-1: Ball
2-1: Swinging Strike
2-2: Ball
3-2: Base on Balls
Batting: RHB Jonas Uttley 0-0: Foul Ball, location: 2F
0-1: Foul Ball, location: 2F
0-2: Ball
1-2: Foul Ball, location: 2F
1-2: Ball
2-2: Fly out, F4 (Popup, 4MD)
Batting: RHB Wilson Flores 0-0: Called Strike
0-1: Foul Ball, location: 2F
0-2: DOUBLE (Flyball, 9LM)
Ricardo Brandariz to third
Batting: RHB Pablo Gómez 0-0: Called Strike
0-1: Foul Ball, location: 2F
0-2: Fly out, F8 (Flyball, 8RM)
Top of the 7th over - 0 run(s), 1 hit(s), 0 error(s), 2 left on base; Cincinnati 5 - Bemidji 3
BOTTOM OF THE 7TH
Bemidji Benders batting - Pitching for Cincinnati Pride : LHP Ben Couch
Pitching: RHP Fernando Silva
Batting: RHB António López 0-0: Fly out, F5 (Line Drive, 5)
Batting: RHB Roberto Solís 0-0: Called Strike
0-1: Called Strike
0-2: Foul Ball, location: 2F
0-2: Ball
1-2: Reached on error, E6 (Groundball, 6)
Batting: SHB Edgardo Osorio 0-0: Foul Ball, location: 2F
0-1: Ball
1-1: Foul Ball, location: 2F
1-2: Strikes out swinging
Batting: RHB Alfredo López 0-0: Ball
1-0: Ball
2-0: Called Strike
2-1: Ball
3-1: Foul Ball, location: 2F
3-2: Foul Ball, location: 2F
3-2: Foul Ball, location: 2F
3-2: Foul Ball, location: 2F
3-2: SINGLE (Groundball, 5L)
Roberto Solís to second
Roberto Solís to third
Batting: RHB Ángel Garza 0-0: Called Strike
0-1: Swinging Strike
0-2: Ball
1-2: Foul Ball, location: 2F
1-2: SINGLE (Line Drive, 4MD)
Roberto Solís scores
Alfredo López to second
Pinch Hitting: SHB Bob Noble 0-0: Ball
1-0: Ball
2-0: Ball
3-0: Base on Balls
Alfredo López to third
Ángel Garza to second
Batting: RHB Gabriel Stout 0-0: SINGLE (Groundball, 4MD) (infield hit)
Alfredo López scores
Ángel Garza to third
Bob Noble to second
Batting: SHB José Cruz 0-0: Ball
Wild Pitch!
Ángel Garza scores
Bob Noble to third
Gabriel Stout to second
1-0: Foul Ball, location: 2F
1-1: Foul Ball, location: 2F
1-2: Ground out 6-3 (Groundball, 6M)
Bottom of the 7th over - 3 run(s), 3 hit(s), 1 error(s), 2 left on base; Cincinnati 5 - Bemidji 6
TOP OF THE 8TH
Cincinnati Pride batting - Pitching for Bemidji Benders : LHP Jesse Payne
Pitching: RHP Rod Day
Now at 3B: Bob Noble
Batting: RHB Larry Booth 0-0: Fly out, F6 (Line Drive, 56D)
Batting: RHB Norris Howard 0-0: Called Strike
0-1: Ball
1-1: Ground out 5-3 (Groundball, 56S)
Batting: RHB Roberto Chávez 0-0: Swinging Strike
0-1: Ball
1-1: Ball
2-1: Swinging Strike
2-2: Strikes out swinging
Top of the 8th over - 0 run(s), 0 hit(s), 0 error(s), 0 left on base; Cincinnati 5 - Bemidji 6
BOTTOM OF THE 8TH
Bemidji Benders batting - Pitching for Cincinnati Pride : RHP Fernando Silva
Pitching: RHP Manuel Jimenen
Batting: RHB Manny Ramírez 0-0: Ball
1-0: Called Strike
1-1: Foul Ball, location: 2F
1-2: Strikes out looking
Batting: RHB António López 0-0: Ball
1-0: Foul Ball, location: 2F
1-1: Foul Ball, location: 2F
1-2: Foul Ball, location: 2F
1-2: Ball
2-2: Strikes out swinging
Batting: RHB Roberto Solís 0-0: Ball
1-0: Called Strike
1-1: Ball
2-1: Swinging Strike
2-2: Strikes out swinging, 2-3 out at first.
Bottom of the 8th over - 0 run(s), 0 hit(s), 0 error(s), 0 left on base; Cincinnati 5 - Bemidji 6
TOP OF THE 9TH
Cincinnati Pride batting - Pitching for Bemidji Benders : RHP Rod Day
Pitching: LHP José Travez
Pinch Hitting: RHB Fernando Díaz 0-0: Ball
1-0: Foul Ball, location: 2F
1-1: Foul Ball, location: 2F
1-2: Foul Ball, location: 2F
1-2: Ball
2-2: Foul Ball, location: 2F
2-2: Ball
3-2: Strikes out swinging
Batting: SHB Nick Marshall 0-0: Called Strike
0-1: Foul Ball, location: 2F
0-2: Ball
1-2: Ball
2-2: Ground out 6-3 (Groundball, 6)
Batting: LHB Ricardo Brandariz 0-0: Ball
1-0: Ball
2-0: Foul Ball, location: 2F
2-1: Ground out 2-3 (Groundball, 2L)
Top of the 9th over - 0 run(s), 0 hit(s), 0 error(s), 0 left on base; Cincinnati 5 - Bemidji 6
This league is powered by Out of the Park Baseball, the baseball management simulation game for PC, Mac and Linux
Wednesday, December 2nd, 2015 - OOTP Baseball 16.8 Build 38